 Dungeon Crawl Stone Soup version 0.29-a0-892-g2c4c91d9db (webtiles) character file.

Game seed: 183386266079247654

142 Garessta the Grasshopper (level 5, -1/43 HPs)
             Began as a Gnoll Warper on July 22, 2022.
             Slain by a gnoll
             ... wielding a +0 spear
              (7 damage)
             ... on level 4 of the Dungeon.
             The game lasted 00:06:28 (3234 turns).

Garessta the Grasshopper (Gnoll Warper)             Turns: 3234, Time: 00:06:28

Health: -1/43      AC:  3    Str: 10    XL:     5   Next: 25%
Magic:  12/12      EV: 13    Int: 13    God:
Gold:   116        SH:  0    Dex: 13    Spells: 9/14 levels left

rFire   + . .      SeeInvis +   e - +0 morningstar
rCold   . . .      Faith    .   (no shield)
rNeg    . . .      Spirit   .   b - +0 leather armour
rPois   .          Reflect  .   (no helmet)
rElec   .          Harm     .   (no cloak)
rCorr   .          Rampage  .   (no gloves)
Will    .....                   (no boots)
Stlth   +.........              (no amulet)
HPRegen 0.14/turn               t - ring of see invisible
MPRegen 0.13/turn               g - ring of protection from fire

@: confused, ambrosia-drunk
A: fangs 1, strong nose, distributed training
a: no special abilities


You were on level 4 of the Dungeon.
You visited 1 branch of the dungeon, and saw 4 of its levels.

You collected 116 gold pieces.

Inventory:

Hand Weapons
 a - a +0 falchion
 e - a +0 morningstar (weapon)
Missiles
 d - 6 boomerangs of dispersal (quivered)
Armour
 b - a +0 leather armour (worn)
Jewellery
 g - a ring of protection from fire (right hand)
 l - a ring of fire
 t - a ring of see invisible (left hand)
Wands
 u - a wand of iceblast (5)
Scrolls
 c - a scroll of blinking
 h - a scroll of magic mapping {unknown}
 n - a scroll of amnesia {unknown}
 o - a scroll of fear {unknown}
 r - 2 scrolls of teleportation {unknown}
Potions
 f - a potion of ambrosia
 i - 2 potions of mutation
 j - 2 potions of flight
 k - 2 potions of might
 m - a potion of haste {unknown}
 p - a potion of cancellation {unknown}
 q - a potion of attraction {unknown}
 s - a potion of degeneration {unknown}


   Skills:
 + Level 4.8 Fighting
 + Level 1.4 Short Blades
 + Level 4.8 Long Blades
 + Level 1.4 Axes
 + Level 1.4 Maces & Flails
 + Level 1.4 Polearms
 + Level 1.4 Staves
 + Level 1.4 Ranged Weapons
 + Level 3.0 Throwing
 + Level 3.0 Armour
 + Level 4.8 Dodging
 + Level 1.4 Stealth
 + Level 1.4 Shields
 + Level 1.4 Unarmed Combat
 + Level 5.2 Spellcasting
 + Level 1.1 Conjurations
 + Level 1.1 Hexes
 + Level 1.1 Summonings
 + Level 1.1 Necromancy
 + Level 5.5 Translocations
 + Level 1.1 Transmutations
 + Level 1.1 Fire Magic
 + Level 1.1 Ice Magic
 + Level 1.1 Air Magic
 + Level 1.1 Earth Magic
 + Level 1.1 Poison Magic
 + Level 1.6 Invocations
 + Level 1.4 Evocations


You had 9 spell levels left.
You knew the following spells:

 Your Spells              Type           Power      Damage    Failure   Level
a - Blink                 Tloc           34%        N/A       3%          2
b - Lesser Beckoning      Tloc           17%        N/A       8%          3

Your spell library contained the following spells:

 Spells                   Type           Power      Damage    Failure   Level
 Gell's Gravitas          Tloc           17%        N/A       8%          3
 Teleport Other           Tloc           17%        N/A       8%          3
 Necrotise                Necr           24%        1d5       16%         1
 Vampiric Draining        Necr           6%         2d6       41%         3
 Manifold Assault         Tloc           17%        N/A       56%         5
 Agony                    Necr           6%         N/A       99%         5


Dungeon Overview and Level Annotations

Branches:
Dungeon (4/15)
 Temple: D:4-7

Altars:
Cheibriados


Innate Abilities, Weirdness & Mutations

You have very sharp teeth.
Your uncanny sense of smell can sniff out nearby items.
Your experience applies equally to all skills.


Message History

The adder bites you. The adder misses you.
You hit the adder.
The adder is moderately wounded.
The adder closely misses you. The adder barely misses you.
You sock the adder!
You kill the adder!
Your Throwing skill increases to level 3!
Your Armour skill increases to level 3!
Found a ring mail.
A gnoll comes into view. It is wielding a +0 flail.
The gnoll shouts!
A gnoll comes into view. It is wielding a +0 spear.
A gnoll comes into view. It is wielding a +0 club.
A gnoll comes into view. It is wielding a +1 flail of draining.
You open the door.
The gnoll shouts! x2
There is an open door here.
The gnoll attacks as you move away! The gnoll completely misses you.
You puncture the gnoll!
The gnoll is severely wounded.
The gnoll hits you with a +0 flail.
* * * LOW HITPOINT WARNING * * *
You closely miss the gnoll.
The gnoll is severely wounded.
The gnoll hits you but does no damage. x2; The gnoll misses you.
The gnoll barely misses you.
You closely miss the gnoll.
The gnoll is severely wounded.
The gnoll hits you with a +0 flail.
* * * LOW HITPOINT WARNING * * *
The gnoll hits you from afar with a +0 spear.
* * * LOW HITPOINT WARNING * * *
You are confused.
You feel invigorated. The gnoll hits you with a +0 flail.
* * * LOW HITPOINT WARNING * * *
The gnoll hits you from afar with a +0 spear.
* * * LOW HITPOINT WARNING * * *
You bump into the translucent rock wall.
The gnoll hits you from afar with a +0 spear!
You die...

.......... .#.# ..
........## ##...##
...#........###.....#
...#.........<.....##
.......#..........##
....[.g##......#.##
......gg........###
....###'###.......#
....#.$@g.#.....###
....#...$.#....##
....#.._..#....#
..#.#..$$.#...##
....#.....#..##
.#..#######...#
##............
###.........#


You could see 4 gnolls.

Vanquished Creatures
  3 gnolls (D:2)
  4 adders
  3 dart slugs
  2 worms
  6 orcs (D:3)
  5 endoplasms
  3 giant cockroaches
  4 hobgoblins
  5 kobolds
  3 quokkas
  5 ball pythons
  5 bats
  3 frilled lizards (D:2)
  6 goblins
  6 rats
63 creatures vanquished.

Notes
Turn   | Place    | Note
-------+----------+-------------------------------------------
     0 | D:1      | Garessta the Gnoll Warper began the quest for the Orb.
     0 | D:1      | Reached XP level 1. HP: 20/20 MP: 6/6
   284 | D:1      | Reached XP level 2. HP: 26/26 MP: 7/7
   287 | D:1      | Learned a level 2 spell: Blink
   624 | D:1      | Found a faded altar of an unknown god.
  1613 | D:2      | Reached skill level 5 in Spellcasting
  1613 | D:2      | Reached XP level 3. HP: 22/31 MP: 7/9
  1717 | D:2      | Reached skill level 1 in Invocations
  1865 | D:2      | Reached skill level 1 in Short Blades
  1865 | D:2      | Reached skill level 1 in Axes
  1865 | D:2      | Reached skill level 1 in Maces & Flails
  1865 | D:2      | Reached skill level 1 in Polearms
  1865 | D:2      | Reached skill level 1 in Staves
  1865 | D:2      | Reached skill level 1 in Ranged Weapons
  1865 | D:2      | Reached skill level 1 in Stealth
  1865 | D:2      | Reached skill level 1 in Shields
  1865 | D:2      | Reached skill level 1 in Unarmed Combat
  1865 | D:2      | Reached skill level 1 in Evocations
  1945 | D:2      | Reached XP level 4. HP: 31/38 MP: 11/11
  2195 | D:2      | Reached skill level 1 in Conjurations
  2195 | D:2      | Reached skill level 1 in Hexes
  2195 | D:2      | Reached skill level 1 in Summonings
  2195 | D:2      | Reached skill level 1 in Necromancy
  2195 | D:2      | Reached skill level 1 in Transmutations
  2195 | D:2      | Reached skill level 1 in Fire Magic
  2195 | D:2      | Reached skill level 1 in Ice Magic
  2195 | D:2      | Reached skill level 1 in Air Magic
  2195 | D:2      | Reached skill level 1 in Earth Magic
  2195 | D:2      | Reached skill level 1 in Poison Magic
  2601 | D:2      | Learned a level 3 spell: Lesser Beckoning
  2786 | D:3      | Reached XP level 5. HP: 18/43 MP: 7/12
  3201 | D:4      | Found a snail-covered altar of Cheibriados.
  3232 | D:4      | HP: 1/43 [gnoll/+0 spear (5)]
  3234 | D:4      | Slain by a gnoll

Illustrated notes

Levels and vault maps discovered:
D:1:      saegor_arrival_simple_e, layout_basic,
          ebering_ecumenical_altar_abandoned, kennysheep_small_spiral,
          roderic_serpentine_path, serial_bayou_ford_a,
          chequers_serial_rivers_small_a
D:2:      layout_rooms, minmay_bisected
D:3:      layout_rooms, hex_tiny
D:4:      layout_cave_pools, nicolae_sif_muna_condensation,
          amcnicky_altar_gilded, minmay_temple_entry_arrows,
          gup_sewer_entry_bowl

Skill      XL: |  1  2  3  4  5 |
---------------+----------------+-----
Spellcasting   | 5 |  5.2
Invocations    | 1 |  1.6
Short Blades   | 1 |  1.4
Axes           | 1 |  1.4
Maces & Flails | 1 |  1.4
Polearms       | 1 |  1.4
Staves         | 1 |  1.4
Ranged Weapons | 1 |  1.4
Stealth        | 1 |  1.4
Shields        | 1 |  1.4
Unarmed Combat | 1 |  1.4
Evocations     | 1 |  1.4
Conjurations   | 1 |  1.1
Hexes          | 1 |  1.1
Summonings     | 1 |  1.1
Necromancy     | 1 |  1.1
Transmutations | 1 |  1.1
Fire Magic     | 1 |  1.1
Ice Magic      | 1 |  1.1
Air Magic      | 1 |  1.1
Earth Magic    | 1 |  1.1
Poison Magic   | 1 |  1.1
Throwing       | 3 |  3.0
Armour         | 3 |  3.0
Fighting       | |  4.8
Long Blades    | |  4.8
Dodging        | |  4.8
Translocations | |  5.5

Action                   |  1- 3 |  4- 6 || total
-------------------------+-------+-------++-------
Melee: Falchion          |   117 |    76 ||   193
       Bite              |     9 |    10 ||    19
       Morningstar       |       |    17 ||    17
Throw: Boomerang         |       |     1 ||     1
 Cast: Blink             |       |     3 ||     3
  Use: Scroll            |       |     4 ||     4
       Potion            |       |     1 ||     1
 Stab: Sleeping          |       |     1 ||     1
Armor: Leather armour    |    26 |    14 ||    40
Dodge: Dodged            |    85 |    51 ||   136

Table legend: (Time is in decaauts)
 A = Elapsed time spent in this place.
 B = Non-inter-level travel time spent in this place.
 C = Inter-level travel time spent in this place.
 D = Time resting spent in this place.
 E = Time spent auto-exploring this place.
 F = Levels seen in this place.
 G = Mean time per level.
                   A        B        C        D        E       F      G
               +--------+--------+--------+--------+--------+-----+--------+
         Total |   3266 |   3114 |    152 |    211 |   2324 |   4 |  816.5 |
       Dungeon |   3266 |   3114 |    152 |    211 |   2324 |   4 |  816.5 |
               +--------+--------+--------+--------+--------+-----+--------+

Top non-repeatable levels by time:
     D:1: 1623 daAuts
     D:2: 1002 daAuts
     D:3: 605 daAuts
     D:4: 35 daAuts
